 Dungeon Crawl Stone Soup version 0.28-a0-664-gc179e30c89 (webtiles) character file.

Game seed: 17703658091919989858

97 andesha the Skirmisher (level 4, 0/63 HPs)
             Began as a Minotaur Berserker on Oct 16, 2021.
             Was a Believer of Trog.
             Slain by a goblin (3 damage)
             ... on level 2 of the Dungeon.
             The game lasted 00:03:06 (1769 turns).

andesha the Skirmisher (Minotaur Berserker)         Turns: 1769, Time: 00:03:06

Health: 0/63       AC:  5    Str: 22    XL:     4   Next: 42%
Magic:  3/3        EV: 11    Int:  4    God:    Trog [**....]
Gold:   55         SH:  0    Dex: 10    Spells: 3/3 levels left

rFire   . . .      SeeInvis .   a - +0 mace
rCold   . . .      Faith    .   (no shield)
rNeg    . . .      Spirit   .   f - +0 ring mail
rPois   .          Reflect  .   (helmet restricted)
rElec   .          Harm     .   (no cloak)
rCorr   .          Rampage  .   (no gloves)
Will    .....                   (no boots)
Stlth   ..........              (no amulet)
HPRegen 0.20/turn               (no ring)
MPRegen 0.08/turn               (no ring)

@: berserking, very quick
A: horns 2, retaliatory headbutt
a: Renounce Religion, Berserk, Trog's Hand


You were on level 2 of the Dungeon.
You worshipped Trog.
Trog was pleased with you.
You visited 1 branch of the dungeon, and saw 2 of its levels.

You collected 55 gold pieces.

Inventory:

Hand Weapons
 a - a +0 mace (weapon)
Armour
 f - a +0 ring mail (worn)
Scrolls
 b - a scroll of vulnerability {unknown}
Potions
 c - a potion of magic {unknown}
 d - 2 potions of curing {unknown}
 e - 2 potions of heal wounds {unknown}


   Skills:
 * Level 5.0 Fighting
 + Level 4.9 Maces & Flails
 + Level 2.9 Armour
 + Level 2.4 Dodging
 + Level 0.2 Stealth


You had 3 spell levels left.
You didn't know any spells.
Your spell library was empty.

Dungeon Overview and Level Annotations

Branches:
Dungeon (2/15)

Altars:


Innate Abilities, Weirdness & Mutations

You have a pair of horns on your head.
You reflexively headbutt those who attack you in melee.


Message History

Trog accepts your kill.
A rat comes into view.
The gnoll hits you from afar with a +0 halberd.
The rat bites you.
Your Fighting skill increases to level 5!
You hit the rat but do no damage. You headbutt the rat.
You kill the rat!
Trog accepts your kill.
The gnoll hits you from afar with a +0 halberd!
The goblin hits you but does no damage. The gnoll misses you.
You barely miss the goblin. Your headbutt misses the goblin.
The goblin closely misses you.
The gnoll hits you from afar with a +0 halberd.
You completely miss the gnoll. The goblin closely misses you.
The gnoll hits you with a +0 flail.
The gnoll hits you from afar with a +0 halberd!
* * * LOW HITPOINT WARNING * * *
The goblin hits you with a +0 club.
* * * LOW HITPOINT WARNING * * *
A red film seems to cover your vision as you go berserk!
You feel yourself moving faster!
You feel mighty!
The gnoll hits you from afar with a +0 halberd.
* * * LOW HITPOINT WARNING * * *
The goblin closely misses you. The gnoll hits you with a +0 flail.
* * * LOW HITPOINT WARNING * * *
You are too injured to fight recklessly!
Unknown command.
Hit: a) +0 mace
Press: ? - help, Dir - move target, f - gnoll
Aim: a gnoll, wielding a +0 flail (about 35% to evade your +0 mace)
You completely miss the gnoll. The gnoll barely misses you.
Hit: a) +0 mace
Press: ? - help, Dir - move target, f/p - gnoll
Aim: a gnoll, wielding a +0 flail (about 35% to evade your +0 mace)
You sock the gnoll! Your headbutt misses the gnoll.
The gnoll is almost dead.
The gnoll hits you with a +0 flail.
* * * LOW HITPOINT WARNING * * *
The goblin hits you with a +0 club.
You die...

#......# #. #(.....#
###. #...... #... .
###..... #.## .. ..##..#
#.# ...###
#.##>.#######.##
......###.##........#...
#............†........
#..g†@#.....##..##....
.....rgg#####.##..##....
..###$..### #.##..##..##
##.....##.##......#
##..#..#.###.....#
#.....#.# ##..#.#
.#......# ##..#.#
........# #...#.#
........# #...#..


You could see 2 gnolls, a goblin and a rat.

Vanquished Creatures
  2 gnolls
  An adder (D:2)
  4 dart slugs (D:1)
  4 ball pythons
  2 bats (D:2)
  2 endoplasms (D:1)
  7 hobgoblins (D:1)
  10 jackals
  4 kobolds
  2 quokkas
  3 frilled lizards
  6 goblins
  8 rats
55 creatures vanquished.

Notes
Turn   | Place    | Note
-------+----------+-------------------------------------------
     0 | D:1      | andesha the Minotaur Berserker began the quest for the Orb.
     0 | D:1      | Reached XP level 1. HP: 19/19 MP: 0/0
    43 | D:1      | Reached skill level 4 in Fighting
    43 | D:1      | Reached XP level 2. HP: 17/27 MP: 1/1
   581 | D:1      | Reached XP level 3. HP: 19/34 MP: 2/2
  1280 | D:1      | Reached ** piety under Trog
  1524 | D:2      | Reached XP level 4. HP: 41/41 MP: 3/3
  1764 | D:2      | Reached skill level 5 in Fighting
  1769 | D:2      | HP: 3/63 [gnoll (1)]
  1769 | D:2      | Slain by a goblin

Illustrated notes

Levels and vault maps discovered:
D:1:      heliophobic_arrival_battle_scene, layout_basic, minmay_quantized
D:2:      layout_rooms, basic_altar, minmay_misc_feat_ornament

Skill      XL: |  1  2  3  4 |
---------------+-------------+-----
Fighting       | 4 5 |  5.0
Maces & Flails | 4 |  4.9
Armour         | |  2.9
Dodging        | |  2.4
Stealth        | |  0.2

Action                   |  1- 3 |  4- 6 || total
-------------------------+-------+-------++-------
Melee: Mace              |    82 |    24 ||   106
       Headbutt          |    15 |     5 ||    20
Invok: Berserk           |     2 |     1 ||     3
 Stab: Sleeping          |     1 |       ||     1
Armor: Animal skin       |    13 |       ||    13
       Ring mail         |     3 |    11 ||    14
Dodge: Dodged            |    49 |    26 ||    75

Table legend: (Time is in decaauts)
 A = Elapsed time spent in this place.
 B = Non-inter-level travel time spent in this place.
 C = Inter-level travel time spent in this place.
 D = Time resting spent in this place.
 E = Time spent auto-exploring this place.
 F = Levels seen in this place.
 G = Mean time per level.
                   A        B        C        D        E       F      G
               +--------+--------+--------+--------+--------+-----+--------+
         Total |   1802 |   1793 |      9 |    308 |   1190 |   2 |  901.0 |
       Dungeon |   1802 |   1793 |      9 |    308 |   1190 |   2 |  901.0 |
               +--------+--------+--------+--------+--------+-----+--------+

Top non-repeatable levels by time:
     D:1: 1538 daAuts
     D:2: 263 daAuts
